 Dungeon Crawl Stone Soup version 0.19.1 (webtiles) character file.

4434 ChaseSP the Covert (level 10, 0/46 HPs)
             Began as a Vine Stalker Enchanter on Dec 1, 2016.
             Was a Priest of Dithmenos.
             Slain by a centaur (3 damage)
             ... on level 8 of the Dungeon.
             The game lasted 00:35:09 (8495 turns).

ChaseSP the Covert (Vine Stalker Enchanter)         Turns: 8495, Time: 00:35:09

Health: 0/46       AC:  8    Str: 15    XL:     10   Next: 36%
Magic:  0/23       EV: 14    Int: 15    God:    Dithmenos [***...]
Gold:   556        SH:  0    Dex: 18    Spells: 3 memorised, 7 levels left

rFire  . . .     SeeInvis +     I - +0 dagger of Valuable Assets {elec, rC- rN++ Str+4}
rCold  x . .     Gourm    .     w - +1 leather armour of Lesot {rN+ SInv}
rNeg   + + +     Faith    .     (no shield)
rPois  +         Spirit   +     (no helmet)
rElec  .         Reflect  .     L - +2 cloak {rPois}
rCorr  .         Harm     .     P - +0 pair of gloves
MR     ++...     Rnd*Rage +     y - +1 pair of boots
Stlth  +++++++...               t - amulet of magic regeneration
                                p - ring of magical power
                                o - ring of protection from magic

@: flying (expiring), wreathed by umbra
A: fangs 3, hooves 2, berserk 1, deformed body, regeneration 1, magic shield,
antimagic bite, no device heal 3, rot immunity
a: Shadow Step, Renounce Religion


You were on level 8 of the Dungeon.
You worshipped Dithmenos.
Dithmenos was most pleased with you.
You were hungry.

You visited 2 branches of the dungeon, and saw 9 of its levels.
You also visited: Ossuary.

You collected 556 gold pieces.

Inventory:

Hand Weapons
 a - a +1 dagger
 j - a +2 short sword of protection
 k - a +0 shortbow
 I - the +0 dagger of Valuable Assets (weapon) {elec, rC- rN++ Str+4}
   (You found it on level 6 of the Dungeon)

   Occasionally, upon striking a foe, it will discharge some electrical energy
   and cause terrible harm.
   It affects your strength (+4).
   It makes you vulnerable to cold.
   It greatly protects you from negative energy.
Missiles
 e - 7 javelins (quivered)
 m - a throwing net
 B - 96 arrows
 H - 5 poisoned tomahawks
Armour
 w - the +1 leather armour of Lesot (worn) {rN+ SInv}
   (You found it on level 5 of the Dungeon)

   It protects you from negative energy.
   It lets you see invisible.
 y - a +1 pair of boots (worn)
 G - a +1 robe of magic resistance
 L - a +2 cloak of poison resistance (worn)
 P - a +0 pair of gloves (worn)
Jewellery
 b - a +4 amulet of reflection
 g - an uncursed ring of fire
 o - a ring of protection from magic (left hand)
 p - a ring of magical power (right hand)
 t - an amulet of magic regeneration (around neck)
 O - an uncursed ring of resist corrosion
 R - an uncursed ring of poison resistance
Wands
 M - a wand of heal wounds (5/9)
Scrolls
 h - a scroll of remove curse
 r - 2 scrolls of teleportation {unknown}
 z - a scroll of noise {unknown}
 C - a scroll of recharging {unknown}
 E - a scroll of fog {unknown}
 J - a scroll of amnesia {unknown}
 N - 3 scrolls of identify
 Q - a scroll of fear {unknown}
Potions
 f - a potion of cure mutation {unknown}
 i - 6 potions of curing
 l - a potion of degeneration {unknown}
 n - 5 potions of lignification
 u - a potion of flight
 v - 3 potions of cancellation
 x - a potion of mutation {unknown}
 A - 2 potions of ambrosia
 D - 2 potions of might {unknown}
 F - 2 potions of haste {unknown}
 K - a potion of resistance {unknown}
 T - 2 potions of brilliance {unknown}
Books
 c - a book of Maledictions

   Spells                             Type                      Level
   a - Corona                         Hexes                        1
   b - Ensorcelled Hibernation        Hexes/Ice                    2
   c - Confuse                        Hexes                        3
   d - Tukima's Dance                 Hexes                        3
   e - Dazzling Spray                 Conjuration/Hexes            3
Comestibles
 d - 5 bread rations
 q - 4 slices of pizza
 s - 3 fruits
 S - a meat ration


   Skills:
 + Level 2.1 Fighting
 + Level 6.6 Short Blades
 * Level 4.2 Dodging
 + Level 11.3 Stealth
 - Level 2.1 Spellcasting
 + Level 8.8 Hexes


You had 7 spell levels left.
You knew the following spells:

 Your Spells              Type           Power        Failure   Level  Hunger
a - Corona                Hex            ####...      1%          1    #......
b - Ensorcelled Hibernat  Hex/Ice        ##....       10%         2    ###....
c - Confuse               Hex            ####....     2%          3    ###....


Dungeon Overview and Level Annotations

Branches:
Dungeon (8/15)             Temple (1/1) D:4
   Lair: D:8-11

Altars:
Ashenzari
Cheibriados
Dithmenos
Elyvilon
Gozag
Hepliaklqana
Kikubaaqudgha
Makhleb
Nemelex Xobeh
Okawaru
Qazlal
Ru
Trog
Uskayaw
Vehumet
Xom
Yredelemnul


Innate Abilities, Weirdness & Mutations

You have razor-sharp teeth.
Your natural rate of healing is unusually fast.
When hurt, damage is shared between your health and your magic reserves.
Your bite disrupts and absorbs the magic of your enemies.
Potions and wands cannot restore your health.
You are immune to rotting.
You have hoof-like feet.
You tend to lose your temper in combat.
Armour fits poorly on your strangely shaped body.


Message History

Unknown command.
You hit the centaur.
There is a sudden explosion of sparks!
The centaur is heavily wounded.
The centaur misses you.
The centaur falls into the water!
The centaur drowns.
Dithmenos accepts your kill.
You hear a splash. x2
The centaur hits you!
* * * LOW HITPOINT WARNING * * *
Okay, then.
Unknown command.
Unknown command.
Unknown command.
You hit the centaur but do no damage.
There is a sudden explosion of sparks!
You kill the centaur!
Dithmenos accepts your kill.
Careful!
You are starting to lose your buoyancy.
The centaur closely misses you. The centaur hits you.
You die...

...# #..##.#.#.###### ##.#
#...###..#......# #.#
#..##≈≈≈≈≈≈####.## #.#
#.≈≈≈≈≈≈≈≈≈≈≈##..# #.#
#≈≈≈≈≈≈..≈≈≈≈≈##.# #.#
≈≈≈≈.####.≈≈≈≈≈≈.# ##.#
≈≈≈.# #.≈≈≈≈≈≈≈# ...# ≈≈≈..#
#c≈≈≈≈≈≈≈≈≈# #### #≈≈≈...#
#@)≈≈≈≈≈≈≈≈≈# ##≈≈≈≈..cc#
#..≈≈≈≈≈≈≈≈≈# ##.≈≈≈≈≈...#
#..≈≈≈≈≈≈≈≈≈≈#
##.#≈≈≈≈≈........≈≈≈≈≈≈≈≈≈≈#
#.##≈≈≈≈≈≈.c....≈≈≈≈≈≈≈≈≈≈≈#
##.#≈≈≈≈≈≈≈≈..≈≈≈≈≈≈≈≈≈≈≈≈≈#
##.#≈≈≈≈≈≈≈≈≈≈≈≈≈≈≈≈≈≈≈
##.#..≈≈≈≈≈≈≈≈≈≈≈≈≈≈≈
##.#####


You could see a centaur.

Vanquished Creatures
  Pikel (D:4)
  A hippogriff (D:8)
  Sigmund (D:4)
  Edmund (D:4)
  2 orc warriors (D:7)
  A hornet zombie (D:7)
  A sky beast (D:6)
  2 slaves (D:4)
  A phantom (D:5)
  A necrophage (D:6)
  An ice beast (D:8)
  2 ogres
  12 centaurs
  A big kobold (D:8)
  2 bullfrogs
  A gnoll sergeant (D:6)
  5 crimson imps
  A centaur zombie (D:6)
  A jelly (D:6)
  A hound (D:6)
  Crazy Yiuf (D:7)
  5 orc priests
  A gnoll shaman (D:5)
  9 orc wizards
  3 bullfrog skeletons
  5 iguanas
  7 worker ants
  A big kobold zombie (Ossuary)
  A hound skeleton (D:5)
  8 mummies (Ossuary)
  2 worker ant zombies
  6 gnolls
  4 adders
  A shadow imp (D:5)
  2 oozes
  An adder zombie (D:6)
  5 worms
  2 dart slugs
  4 leopard geckos
  32 orcs
  3 ball pythons
  10 bats
  11 giant cockroaches
  A gnoll zombie (Ossuary)
  4 goblins
  6 hobgoblins
  14 jackals
  16 kobolds
  3 quokkas
  8 frilled lizards
  2 hobgoblin zombies (Ossuary)
  A kobold zombie (Ossuary)
  A leopard gecko skeleton (D:5)
  3 orc zombies (Ossuary)
  8 rats
230 creatures vanquished.

Notes
Turn   | Place    | Note
-------+----------+-------------------------------------------
     0 | D:1      | ChaseSP the Vine Stalker Enchanter began the quest for the Orb.
     0 | D:1      | Reached XP level 1. HP: 9/9 MP: 4/4
    98 | D:1      | Reached skill level 4 in Stealth
   196 | D:1      | Reached XP level 2. HP: 13/13 MP: 6/6
   200 | D:1      | Learned a level 2 spell: Ensorcelled Hibernation
   554 | D:1      | Reached skill level 1 in Short Blades
  1263 | D:1      | Reached XP level 3. HP: 14/16 MP: 5/7
  1872 | D:2      | Reached skill level 5 in Stealth
  1955 | D:2      | Gained mutation: Your natural rate of healing is unusually fast. [Vine Stalker growth]
  1955 | D:2      | Reached XP level 4. HP: 10/21 MP: 6/8
  2143 | D:1      | Learned a level 3 spell: Confuse
  3036 | D:3      | Reached XP level 5. HP: 24/24 MP: 9/9
  3380 | D:4      | Found a staircase to the Ecumenical Temple.
  3405 | Temple   | Entered the Ecumenical Temple
  3532 | Temple   | Became a worshipper of Dithmenos the Shadowed
  3549 | D:4      | Noticed Sigmund
  3561 | D:4      | Killed Sigmund
  3561 | D:4      | Reached skill level 7 in Stealth
  3561 | D:4      | Reached XP level 6. HP: 21/28 MP: 7/10
  3699 | D:4      | Found a shadowy altar of Dithmenos.
  3746 | D:4      | Noticed Edmund
  3758 | D:4      | Killed Edmund
  3790 | D:4      | Reached skill level 8 in Stealth
  3790 | D:4      | Reached XP level 7. HP: 32/32 MP: 11/11
  3981 | D:4      | Noticed Pikel
  4004 | D:4      | Killed Pikel
  4004 | D:4      | Reached skill level 9 in Stealth
  4004 | D:4      | Reached skill level 5 in Hexes
  4004 | D:4      | Gained mutation: You have razor-sharp teeth. [Vine Stalker growth]
  4004 | D:4      | Reached XP level 8. HP: 36/36 MP: 12/12
  4185 | D:4      | Found an ancient bone altar of Kikubaaqudgha.
  4187 | D:4      | Found a shimmering altar of Xom.
  4284 | D:5      | Entered Level 5 of the Dungeon
  4373 | D:5      | Found a hazy altar of Hepliaklqana.
  4380 | D:5      | Found a hide-covered altar of Uskayaw.
  4382 | D:5      | Found a stormy altar of Qazlal.
  4700 | D:5      | Got a shimmering leather armour
  4728 | D:5      | Reached * piety under Dithmenos
  4739 | D:5      | Identified the cursed +1 leather armour of Lesot {rN+ SInv} (You found it on level 5 of the Dungeon)
  4834 | D:5      | Found a sand-covered staircase.
  4843 | Ossuary  | Entered an ossuary
  5509 | D:5      | Reached skill level 5 in Short Blades
  5896 | D:6      | Reached XP level 9. HP: 39/39 MP: 13/13
  5925 | D:6      | Reached skill level 10 in Stealth
  5941 | D:6      | Reached ** piety under Dithmenos
  6047 | D:6      | Gained mutation: You have large cloven feet. [mutagenic meat]
  6049 | D:6      | Gained mutation: You have hoof-like feet. [mutagenic meat]
  6051 | D:6      | Gained mutation: You tend to lose your temper in combat. [mutagenic meat]
  6052 | D:6      | Gained mutation: Armour fits poorly on your strangely shaped body. [mutagenic meat]
  6057 | D:6      | Got a twisted dagger
  6058 | D:6      | Identified the cursed +0 dagger of Valuable Assets {elec, rC- rN++ Str+4} (You found it on level 6 of the Dungeon)
  6169 | D:6      | Found an opulent altar of Gozag.
  7094 | D:7      | Found a runed door.
  7098 | D:7      | Noticed Crazy Yiuf
  7109 | D:7      | Killed Crazy Yiuf
  7241 | D:7      | Reached *** piety under Dithmenos
  7479 | D:7      | Reached skill level 11 in Stealth
  7523 | D:7      | Found a radiant altar of Vehumet.
  7524 | D:7      | Found a burning altar of Makhleb.
  7530 | D:7      | Reached skill level 1 in Fighting
  7658 | D:7      | Reached XP level 10. HP: 45/45 MP: 14/14
  8493 | D:8      | HP: 2/46 [centaur (7)]
  8495 | D:8      | Slain by a centaur

Skill      XL: |  1  2  3  4  5  6  7  8  9 10 |
---------------+-------------------------------+-----
Stealth        | 4 5 7 8 9 11 | 11.3
Short Blades   | 1 2 3 4 5 6 |  6.6
Hexes          | 5 7 8 |  8.8
Dodging        | 3 4 |  4.2
Fighting       | 1 2 |  2.1
Spellcasting   | |  2.1

Action                   |  1- 3 |  4- 6 |  7- 9 | 10-12 || total
-------------------------+-------+-------+-------+-------++-------
Melee: Dagger            |   163 |   120 |   423 |    84 ||   790
       Bite              |    35 |    38 |   136 |    22 ||   231
       Short sword       |       |       |    11 |       ||    11
 Cast: Corona            |     1 |       |     3 |       ||     4
       Ensorcelled Hiber |    12 |     9 |    32 |    12 ||    65
       Confuse           |       |     1 |    15 |     7 ||    23
  Use: Scroll            |       |       |    12 |       ||    12
       Potion            |       |       |       |     1 ||     1
 Stab: Sleeping          |    14 |    12 |    36 |    12 ||    74
       Confused          |       |     1 |     2 |     1 ||     4
       Distracted        |       |       |     3 |     1 ||     4
  Eat: Chunk             |     4 |     7 |    22 |     4 ||    37
       Fruit             |       |       |     1 |       ||     1
Armor: Robe              |     1 |       |       |       ||     1
       Leather armour    |    58 |    23 |    52 |    33 ||   166
Dodge: Dodged            |   131 |    73 |   190 |    83 ||   477
Block: Other             |       |       |     4 |       ||     4
